[Event "*** Titled Tuesday Blitz"]
[Site "Chess.com"]
[Date "2021.04.20"]
[Round "2"]
[White "ChampStan"]
[Black "Didici"]
[Result "1-0"]
[WhiteElo "2095"]
[BlackElo "2593"]
[TimeControl "180+1"]
[EndTime "10:18:02 PDT"]
[Termination "ChampStan won by resignation"]

1. d4 Nf6 2. c4 b6 3. Nc3 Bb7 4. Nf3 e6 5. a3 Ne4 6. g3 Nxc3 7. bxc3 Be7 8. Bg2 O-O 9. O-O d6 10. Re1 Nc6 11. e4 Na5 12. Nd2 e5 13. f4 Ba6 14.
Bf1 Re8 15. Bd3 Bf8 16. Rb1 Qd7 17. Qf3 c5 18. Bb2 Rac8 19. fxe5 dxe5 20. d5 Nb7 21.
Nf1 Nd6 22. Ne3 b5 23. cxb5 Bxb5 24. c4 Ba6 25. Ba1 f6 26. Re2 Rb8 27. Reb2 Rxb2 28. Rxb2 Qa4 29. Rf2 Qxa3 30. Qd1 Rb8 31. g4 Rb3 32.
Rd2 Nxe4 33. Bxe4 Rxe3 34. Bf5 g6 35. Be6+ Kg7 36. d6 Bb7 37. d7 Rg3+ 38. hxg3 Qxg3+ 39. Kf1 Qh3+ 40. Kg1 Qh1+ 41. Kf2 Qg2+ 42. Ke3 Qf3+ 43. Qxf3 Bxf3 44. Kxf3 Kh6 45. d8=Q 1-0

[Event "*** Titled Tuesday Blitz"]
[Site "Chess.com"]
[Date "2021.04.20"]
[Round "2"]
[White "Oleksandr_Bortnyk"]
[Black "eldur16"]
[Result "1-0"]
[WhiteElo "2937"]
[BlackElo "2594"]
[TimeControl "180+1"]
[EndTime "10:18:03 PDT"]
[Termination "Oleksandr_Bortnyk won by resignation"]

1. d4 Nf6 2. Nc3 g6 3. Bf4 d6 4. e3 Bg7 5. h4 h6 6. Bc4 Nbd7 7. Qf3 c6 8. Bb3 Nb6 9. e4 O-O 10. h5 Bg4 11. Qe3 Bxh5 12. f3 g5 13. Bxg5 hxg5 14. Qxg5 e6 15. e5 dxe5 16. dxe5 Bg6 17. exf6 Qxf6 18.
Qxf6 Bxf6 19. Nge2 Nd5 20. O-O-O Rfd8 21. Nxd5 cxd5 22.
c3 Rac8 23. Bc2 Bxc2 24. Kxc2 d4 25. Rh6 Bg7 26. Rh4 dxc3 27. Rxd8+ Rxd8 28. bxc3 Bf6 29. Ra4 a6 30. Rb4 b5 31. a4 Rd5 32. axb5 axb5 33. Rf4 Bg7 34. Rg4 Kf8 35. Nc1 Rc5 36. Na2 f5 37.
Rh4 Kf7 38. Kb3 Rd5 39. g4 f4 40. Nb4 Rc5 41. Na2 Kg6 42. Rh1 Re5 43. Rf1 Bf8 44. Nc1 Kg5 45. Kc2 Bg7 46. Rf2 Re3 47. Nd3 Kh4 48. Rf1 Kg3 49. g5 Rxf3 50. Rh1 e5 51. Rh7 e4 52. Rxg7 Rxd3 53. Re7 e3 54. Kxd3 1-0

[Event "*** Titled Tuesday Blitz"]
[Site "Chess.com"]
[Date "2021.04.20"]
[Round "2"]
[White "Durarbayli"]
[Black "DamianoLew95"]
[Result "1-0"]
[WhiteElo "2744"]
[BlackElo "2503"]
[TimeControl "180+1"]
[EndTime "10:18:03 PDT"]
[Termination "Durarbayli won by resignation"]

1. e4 e6 2. d4 d5 3. e5 c5 4. c3 Qb6 5. Nf3 Bd7 6. Be2 Bb5 7. dxc5 Bxc5 8. b4 Be7 9. Be3 Qa6 10. a4 Bxe2 11. Qxe2 Qxe2+ 12. Kxe2 Nd7 13. Na3 a6 14. Rab1 g5 15. h3 Rc8 16. Rhc1 h5 17. c4 g4 18. hxg4 hxg4 19. Nd4 Nxe5 20. cxd5 Rxc1 21. Rxc1 exd5 22. Rc8+ Kd7 23. Rb8 Kc7 24. Re8 Kd7 25. Rb8 Kc7 26. Ra8 Bxb4 27. Bf4 f6 28. Nac2 Bc3 29. Nf5 Kd7 30. Rb8 Ng6 31. Bg3 N8e7 32. Rxb7+ Ke6 33. Nce3 Nxf5 34. Rb6+ Kf7 35. Nxf5 a5 36.
Kd3 Be5 37. Rb7+ Kf8 38. Ne3 Bxg3 39. fxg3 Rh1 40. Ra7 Ra1 41. Rxa5 Ne5+ 42. Kc2 Ra2+ 43. Kb3 Re2 44. Nxd5 Rxg2 45. Ra8+ Kf7 46. Ra7+ Ke6 47.
Nf4+ Kf5 48. Nxg2 1-0

[Event "*** Titled Tuesday Blitz"]
[Site "Chess.com"]
[Date "2021.04.20"]
[Round "2"]
[White "Witik"]
[Black "alejogarcia1999"]
[Result "1-0"]
[WhiteElo "2676"]
[BlackElo "2457"]
[TimeControl "180+1"]
[EndTime "10:18:03 PDT"]
[Termination "Witik won by resignation"]

1. e4 c5 2. Nf3 e6 3. d4 cxd4 4. Nxd4 Nc6 5. Nc3 Nf6 6. a3 Be7 7. g3 O-O 8. Bg2 d5 9. exd5 exd5 10. O-O h6 11. Re1 Re8 12. h3 Bc5 13. Rxe8+ Qxe8 14. Be3 Bb6 15. Kh2 Be6 16. Qd2 Ne5 17. b3 Rc8 18. Nce2 Ne4 19. Qe1 Qd7 20. Rd1 Bxd4 21. Nxd4 Nc3 22.
Rd2 Nc6 23. Nxc6 bxc6 24. Bd4 Nb5 25. Bb2 Qd6 26. c4 Nc7 27. Qe3 a5 28. Qc3 f6 29.
Qxa5 Qe7 30. Re2 Qf7 31. Qc5 dxc4 32. bxc4 Bxc4 33. Re7 Ne6 34. Qd6 Qf8 35. Rxe6 Bxe6 36. Qxe6+ Kh8 37. Be4 f5 38. Qxf5 Qxf5 39. Bxf5 Rf8 40.
g4 Kg8 41. Kg3 g6 42. Bxg6 Rb8 43. Bc1 Kg7 44. Be4 Rb3+ 45. f3 c5 46. Bf4 Rxa3 47.
Bd6 Ra5 48. h4 c4 49. Bb4 Ra4 50. Bc3+ Kf7 51. g5 hxg5 52. hxg5 Ke6 53. g6 Ra3 54. g7 Kf7 55. Bd5+ 1-0

[Event "*** Titled Tuesday Blitz"]
[Site "Chess.com"]
[Date "2021.04.20"]
[Round "2"]
[White "chessdiamant"]
[Black "elcandado"]
[Result "1-0"]
[WhiteElo "2342"]
[BlackElo "2637"]
[TimeControl "180+1"]
[EndTime "10:18:03 PDT"]
[Termination "chessdiamant won on time"]

1. e4 e5 2. Nf3 Nc6 3. Bb5 a6 4. Ba4 Nf6 5. O-O Be7 6. Re1 b5 7. Bb3 d6 8. c3 O-O 9. h3 Nb8 10. d4 Nbd7 11. Bc2 Bb7 12. Nbd2 Re8 13. Nf1 Bf8 14. Ng3 g6 15. a4 Nb6 16. axb5 axb5 17. Rxa8 Qxa8 18. d5 c6 19. dxc6 Bxc6 20. Bg5 Nfd7 21.
Qc1 Nc5 22. Bh6 Re7 23. Qd2 Ra7 24. Bxf8 Qxf8 25. Qg5 Ne6 26. Qf6 Qg7 27. Qxg7+ Kxg7 28. Rd1 Nc8 29. Bb3 Nc5 30. Bd5 Be8 31. b4 Na4 32. c4 Nb2 33. Rc1 bxc4 34. Rc2 Ra1+ 35. Kh2 Rb1 36. Bxc4 Nb6 37. Ba2 Ra1 38. Rxb2 Bb5 39.
Bb3 h6 40. Ne2 Bxe2 41. Rxe2 Rb1 42. Re3 Kf6 43. b5 Ke7 44. Rc3 f5 45. exf5 gxf5 46.
Nd2 Rb2 47. Nc4 Nxc4 48. Bxc4 e4 49. Rb3 Rc2 50. b6 1-0

[Event "*** Titled Tuesday Blitz"]
[Site "Chess.com"]
[Date "2021.04.20"]
[Round "2"]
[White "mbachez"]
[Black "stepakyedael"]
[Result "0-1"]
[WhiteElo "2433"]
[BlackElo "2237"]
[TimeControl "180+1"]
[EndTime "10:18:03 PDT"]
[Termination "stepakyedael won on time"]

1. d4 Nf6 2. Nf3 g6 3. c4 Bg7 4. g3 O-O 5. Bg2 d6 6. Nc3 Nc6 7. O-O Bf5 8. Ng5 h6 9. d5 Na5 10.
e4 Bd7 11. Nf3 Nxc4 12. Qb3 Nb6 13. a4 a5 14. Be3 Ra6 15. Rfc1 Ng4 16. Bd4 e5 17. dxe6 Bxe6 18. Qd1 Ne5 19. Nb5 c6 20. Na3 c5 21. Nxe5 cxd4 22. Nf3 d3 23. Rab1 d5 24. e5 Nc4 25. Nb5 Nxe5 26. Nfd4 Bd7 27. f4 Nc4 28. Qxd3 Qb6 29. Kh1 Bc6 30. b3 Na3 31. Nxa3 Qxd4 32. Qf1 Qb6 33. Nb5 d4 34. Rd1 Bxg2+ 35. Qxg2 Rd8 36. Rbc1 d3 37. Rc4 Raa8 38. Nc7 Rac8 39. Nd5 Qxb3 40. Ne7+ Kh7 41. Rcc1 Rxc1 42. Rxc1 d2 43. Rg1 d1=Q 44. f5 Bd4 45. fxg6+ fxg6 46. Rf1 Qxf1+ 47. Qxf1 Qe6 0-1

[Event "*** Titled Tuesday Blitz"]
[Site "Chess.com"]
[Date "2021.04.20"]
[Round "2"]
[White "AsaHoffmann"]
[Black "iulik86"]
[Result "1/2-1/2"]
[WhiteElo "2337"]
[BlackElo "2599"]
[TimeControl "180+1"]
[EndTime "10:18:04 PDT"]
[Termination "Game drawn - insufficient material"]

1. d4 f5 2. Nc3 Nf6 3. Bg5 d5 4. f3 Nc6 5. e4 fxe4 6. fxe4 dxe4 7. d5 Ne5 8. Qd4 Nf7 9. Bxf6 exf6 10. O-O-O Be7 11.
Bb5+ Bd7 12. Qxe4 O-O 13. Bd3 f5 14. Qe2 Bf6 15. Nf3 Re8 16. Qd2 Nd6 17. Kb1 b5 18.
Rhe1 b4 19. Ne2 a5 20. Nf4 Qb8 21. Ne6 Bxe6 22. Rxe6 Rf8 23. Rde1 a4 24. Ne5 Bxe5 25.
R1xe5 b3 26. cxb3 axb3 27. a3 Qb6 28. Qe3 Qa5 29. g3 Qa4 30. Qc5 Ne4 31. Bxe4 fxe4 32. Rxe4 Rf1+ 33. Re1 Raf8 34. Qc3 Qb5 35. Re7 Rxe1+ 36.
Rxe1 Rf1 37. Kc1 Rf2 38. Qd4 Rf1 39. Rxf1 Qxf1+ 40. Kd2 Qb1 41. Kc3 Qc2+ 42. Kb4 Qxh2 43. Kxb3 Qxg3+ 44. Kb4 h5 45. a4 h4 46. a5 h3 47. a6 Qd6+ 48. Qc5 Qxa6 49. Qxc7 Qd3 50. d6 h2 51. d7 Qd4+ 52. Kb3 Qd5+ 53. Kb4 h1=Q 54.
d8=Q+ Kh7 55. Qxd5 Qxd5 56. Qc4 Qd6+ 57. Kc3 g5 58.
Qd3+ Qxd3+ 59. Kxd3 Kg6 60. Ke3 Kf6 61. Kf3 Ke5 62.
Kg4 Kd5 63. Kxg5 Kc4 64. Kh6 Kb3 65. Kh7 Kxb2 1/2-1/2

[Event "*** Titled Tuesday Blitz"]
[Site "Chess.com"]
[Date "2021.04.20"]
[Round "2"]
[White "chessbia"]
[Black "Ajedrez_con_German"]
[Result "1-0"]
[WhiteElo "2328"]
[BlackElo "2487"]
[TimeControl "180+1"]
[EndTime "10:18:05 PDT"]
[Termination "chessbia won by resignation"]

1. d4 e6 2. c4 Nf6 3. Nc3 d5 4. Nf3 Be7 5. Bf4 c6 6. e3 O-O 7.
h3 b6 8. cxd5 Nxd5 9. Bg3 Bb7 10. Bd3 Nd7 11. O-O h6 12. e4 Nxc3 13. bxc3 c5 14. Qe2 Re8 15. Rfd1 Qc8 16. Rac1 Nf6 17. Bb1 Ba6 18. Qe3 Bf8 19. e5 Nd5 20. Qe4 g6 21.
c4 Ne7 22. d5 Bb7 23. Bh4 Nf5 24. Bf6 Bg7 25. Bxg7 Nxg7 26. Qf4 Nf5 27. Bxf5 exf5 28.
Qxh6 Qd7 29. Re1 f6 30. Qxg6+ Qg7 31. Qxf5 fxe5 32. Rxe5 Rxe5 33. Qxe5 Rf8 34. Qxg7+ Kxg7 35. Re1 Ba6 36. Ng5 Kg6 37. Ne6 Rg8 38. Re4 Kf6 39. f3 Bc8 40. Kf2 Bd7 41. g4 Rb8 42. f4 a6 43. f5 b5 44. Nxc5 Bc8 45. Re8 bxc4 46. Nd7+ Kf7 47. Rf8+ Ke7 48. Nxb8 Kxf8 49. Ke3 Ke7 50.
Kd4 Kf6 51. Nc6 Kg5 52. Kxc4 Kh4 53. Ne7 Bd7 54. f6 Be8 55. d6 1-0

[Event "*** Titled Tuesday Blitz"]
[Site "Chess.com"]
[Date "2021.04.20"]
[Round "2"]
[White "sboshaon21"]
[Black "TeukkaSalama"]
[Result "0-1"]
[WhiteElo "2080"]
[BlackElo "2393"]
[TimeControl "180+1"]
[EndTime "10:18:05 PDT"]
[Termination "TeukkaSalama won by checkmate"]

1. d4 d5 2. c4 c6 3. Nc3 Nf6 4. Nf3 a6 5. e3 Bf5 6. Bd3 Bxd3 7. Qxd3 e6 8. O-O Be7 9. e4 dxe4 10. Nxe4 Nxe4 11.
Qxe4 O-O 12. Bf4 Nd7 13. Rad1 Nf6 14. Qc2 Qa5 15. a3 Rfe8 16. h3 Rad8 17. Ne5 Nd7 18. Qb3 Nxe5 19. Bxe5 b5 20. cxb5 Qxb5 21. Qc2 Bd6 22.
Rfe1 Bxe5 23. dxe5 Rd5 24. f4 Red8 25. Kh2 g6 26.
Rxd5 cxd5 27. Rc1 Rb8 28. b4 a5 29. Qc5 axb4 30. Qxb5 Rxb5 31. axb4 Rxb4 32. Kg3 h6 33. Kf3 Kg7 34. Rc7 Re4 35. Rd7 g5 36.
g3 Kg6 37. Re7 Rc4 38. Rd7 Rc3+ 39. Kf2 f6 40. Re7 Kf5 41. Rf7 Ke4 42. Rxf6 Rc2+ 43.
Kf1 gxf4 44. gxf4 Kf3 45. Ke1 Rc6 46. f5 Ke3 47. Rxe6 Rc1# 0-1

[Event "*** Titled Tuesday Blitz"]
[Site "Chess.com"]
[Date "2021.04.20"]
[Round "2"]
[White "Gennady_Kozlov"]
[Black "zurzan"]
[Result "1-0"]
[WhiteElo "2378"]
[BlackElo "2003"]
[TimeControl "180+1"]
[EndTime "10:18:05 PDT"]
[Termination "Gennady_Kozlov won on time"]

1. b3 e5 2. Bb2 Nc6 3. e3 d5 4. Bb5 f6 5. Nh3 Bxh3 6. Qh5+ g6 7. Qxh3 Qd7 8. Qxd7+ Kxd7 9. Nc3 Ne7 10. e4 d4 11.
Nd5 a6 12. Nxf6+ Ke6 13. Bxc6 Nxc6 14. Nd5 Bd6 15. O-O-O Rhf8 16. Rhf1 Rf7 17. f3 Raf8 18.
c3 d3 19. Kb1 Ne7 20. Nxe7 Bxe7 21. Rde1 c5 22. Re3 Rd8 23. Bc1 b5 24. g3 c4 25.
f4 Rdf8 26. Ref3 h5 27. a4 cxb3 28. axb5 axb5 29. Kb2 h4 30. Kxb3 hxg3 31. hxg3 Rd8 32. Ba3 exf4 33. gxf4 Bxa3 34. Kxa3 Ra7+ 35. Kb4 Ra2 36. f5+ gxf5 37. exf5+ Kf6 38. R1f2 Rd5 39. Re3 Rxf5 40. Rxf5+ Kxf5 41. Rxd3 Rb2+ 42. Kc5 Ke4 43. Rd8 Kf5 44. Rd4 Ke6 45. Kc6 Ke7 46. Re4+ Kd8 47.
Rd4+ Ke7 48. Kc5 Ke6 49. d3 Rb3 50. Re4+ Kd7 51. Kd4 b4 52. c4 Rb1 53. Re5 b3 54. Rb5 b2 55. Kc3 Kc6 56. Rxb2 Rc1+ 57. Kd4 Rd1 58.
Rh2 Kd7 59. Rh6 Rd2 60. Ke4 Re2+ 61. Kd5 Rd2 62. d4 Rc2 63. Rh7+ Ke8 64. c5 Rd2 65. Ke5 Re2+ 66. Kd6 Rf2 67. Rh8+ Kf7 68. d5 Rf6+ 69. Kc7 Kg7 70. Rd8 Rf5 71. c6 1-0

[Event "*** Titled Tuesday Blitz"]
[Site "Chess.com"]
[Date "2021.04.20"]
[Round "2"]
[White "artichaud"]
[Black "crazy_but_lazy"]
[Result "0-1"]
[WhiteElo "2205"]
[BlackElo "2433"]
[TimeControl "180+1"]
[EndTime "10:18:06 PDT"]
[Termination "crazy_but_lazy won on time"]

1. e4 c6 2. d4 d5 3. Nd2 dxe4 4.
Nxe4 Nf6 5. Nxf6+ exf6 6. c3 Bd6 7.
Bd3 O-O 8. Ne2 Re8 9. Be3 Nd7 10.
Qd2 Nf8 11. Bf4 Ng6 12. Bxd6 Qxd6 13. O-O Be6 14. Rfe1 Rad8 15. Bc2 Bg4 16. Ng3 Qf4 17.
Qxf4 Nxf4 18. f3 Bc8 19. Kf2 g6 20. Ne4 Kg7 21. g3 Nd5 22. Nc5 b6 23. Nd3 Ba6 24. Rxe8 Rxe8 25. Re1 Rxe1 26. Nxe1 f5 27. Bb3 Nc7 28.
Ng2 Kf6 29. f4 Bc8 30. Ne3 b5 31. Ke2 a5 32. a4 Ba6 33. axb5 cxb5 34. Kd2 Bb7 35. Ba2 Be4 36. b3 Ne6 37. Nc2 g5 38. fxg5+ Kxg5 39. Na3 Nc7 40. c4 b4 41. Nb5 Nxb5 42.
cxb5 f4 43. b6 fxg3 44. hxg3 h5 45. Bb1 Bb7 46. Ke3 f5 47. Bd3 Kg4 0-1

[Event "*** Titled Tuesday Blitz"]
[Site "Chess.com"]
[Date "2021.04.20"]
[Round "2"]
[White "KetiGrant"]
[Black "chessdjw"]
[Result "0-1"]
[WhiteElo "2343"]
[BlackElo "2741"]
[TimeControl "180+1"]
[EndTime "10:18:07 PDT"]
[Termination "chessdjw won on time"]

1. e4 e5 2. Nf3 Nc6 3. Bb5 a6 4. Ba4 Nf6 5. O-O b5 6. Bb3 Bc5 7. d3 d6 8. c3 O-O 9. Nbd2 h6 10. h3 Re8 11. Re1 Be6 12. Bc2 d5 13. exd5 Bxd5 14.
Ne4 Nxe4 15. dxe4 Bc4 16. b3 Be6 17. Qe2 Qf6 18. Be3 Bxe3 19. Qxe3 Rad8 20. Rad1 Rxd1 21. Rxd1 Rd8 22. Rxd8+ Qxd8 23. Qc5 Qd6 24. Qxd6 cxd6 25. Kf1 Kf8 26. Ke2 Ke7 27. Nd2 h5 28. Nf1 g6 29.
Ne3 h4 30. a4 bxa4 31. bxa4 a5 32. Kd3 Nd8 33. Nd5+ Kd7 34. Nb6+ Kc6 35. Nc4 Nb7 36.
Nd2 Nc5+ 37. Ke3 g5 38. Kf3 f6 39. Nf1 d5 40. Ne3 dxe4+ 41. Bxe4+ Nxe4 42. Kxe4 Kc5 43. Kd3 Bd7 44. Ng4 e4+ 45. Kd2 f5 46. Nh6 Kc4 47. Nf7 Bxa4 48. Nd6+ Kc5 49. Nxf5 Bb3 50. Nd4 Kc4 51. g3 g4 52. gxh4 gxh3 53. Ne2 h2 54. Ng3 a4 55. h5 a3 56. Kc1 Kxc3 0-1

[Event "*** Titled Tuesday Blitz"]
[Site "Chess.com"]
[Date "2021.04.20"]
[Round "2"]
[White "Zkid"]
[Black "Anna_ChessMate"]
[Result "1-0"]
[WhiteElo "2823"]
[BlackElo "2549"]
[TimeControl "180+1"]
[EndTime "10:18:08 PDT"]
[Termination "Zkid won by resignation"]

1. d4 d5 2. c4 c6 3. Nf3 Nf6 4.
e3 Bg4 5. Nc3 e6 6. h3 Bxf3 7.
Qxf3 Nbd7 8. Bd3 Bb4 9. O-O O-O 10. Qd1 e5 11. cxd5 exd4 12. dxc6 dxc3 13. cxd7 Qxd7 14.
bxc3 Bxc3 15. Rb1 Rac8 16. Qe2 Rfd8 17. Rd1 Qe7 18. Rb3 Be5 19. Ba3 Bd6 20. Bb2 b6 21. Bf5 Rc5 22. Bb1 Rcc8 23. Rbd3 Bc7 24. Qf3 Rxd3 25. Bxd3 Be5 26. Qf5 Re8 27. Bc1 g6 28. Qf3 Nd7 29. Bc4 Nc5 30. Ba3 Kg7 31. Bxc5 bxc5 32. Rb1 Rd8 33. Rb7 Rd7 34. Rxd7 Qxd7 35.
g3 Bf6 36. Kg2 Qe7 37. Qd5 h5 38. h4 Qc7 39. a4 Qe7 40. a5 Qc7 41. a6 Qe7 42. Qc6 Qe5 43. Qb7 Qe7 44. f4 Kf8 45. e4 Bd4 46. e5 Ke8 47. Qc8+ Qd8 48. Bxf7+ Ke7 49. Qxd8+ Kxd8 50. Bxg6 Kc7 51. Bxh5 c4 52. Be2 c3 53. Bd3 Kb6 54. h5 c2 55. Bxc2 Bc5 56.
h6 Bf8 57. h7 Bg7 58. e6 1-0

[Event "*** Titled Tuesday Blitz"]
[Site "Chess.com"]
[Date "2021.04.20"]
[Round "2"]
[White "GrigoriyM2001"]
[Black "GM_dmitrij"]
[Result "1/2-1/2"]
[WhiteElo "2590"]
[BlackElo "2898"]
[TimeControl "180+1"]
[EndTime "10:18:10 PDT"]
[Termination "Game drawn by repetition"]

1. d4 Nf6 2. c4 e6 3. g3 c5 4. d5 exd5 5. cxd5 d6 6. Nc3 g6 7. Bg2 Bg7 8. Nf3 O-O 9. O-O Re8 10. Nd2 a6 11. a4 Nbd7 12. h3 Nh5 13. Nde4 Ndf6 14.
Nxf6+ Nxf6 15. e4 Nd7 16. f4 Rb8 17. a5 c4 18. Be3 Qc7 19. Bd4 b5 20. axb6 Bxd4+ 21.
Qxd4 Qxb6 22. Rfd1 Qxd4+ 23. Rxd4 Rxb2 24. Rxc4 Rc2 25. Rc7 Nf6 26. e5 Nh5 27. exd6 Nxg3 28. Ne4 Rxg2+ 29.
Kxg2 Nxe4 30. d7 Bxd7 31. Rxd7 Nf6 32. Rd6 Nh5 33. Kf3 Rb8 34. Ra3 Rb4 35. Rdxa6 Rxf4+ 36. Kg2 Rd4 37. d6 Kg7 38. Re3 Nf4+ 39. Kg3 Ne6 40. Rc3 Kf6 41. Rf3+ Kg7 42. Ra7 Ng5 43. Rf4 Rxd6 44. h4 Rd3+ 45. Kg2 Rd2+ 46. Kg3 Rd3+ 47. Kg2 Rd2+ 48. Kg3 Rd3+ 1/2-1/2

[Event "*** Titled Tuesday Blitz"]
[Site "Chess.com"]
[Date "2021.04.20"]
[Round "2"]
[White "poneis_malditos"]
[Black "JosefineHeinemann"]
[Result "1/2-1/2"]
[WhiteElo "2274"]
[BlackElo "2628"]
[TimeControl "180+1"]
[EndTime "10:18:10 PDT"]
[Termination "Game drawn by repetition"]

1. e4 e5 2. Nc3 Nf6 3. f4 d5 4. fxe5 Nxe4 5. Qf3 Nxc3 6. bxc3 c5 7. d4 cxd4 8. cxd4 Be7 9. Bd3 f6 10. Ne2 Be6 11. Nf4 Qd7 12. Qh5+ Kd8 13. O-O Nc6 14. exf6 Bxf6 15. c3 Bf7 16. Qf3 Kc7 17. Ba3 Rae8 18. Rab1 Kb8 19. Ba6 b6 20. Qg3 Ka8 21. Bc5 bxc5 22.
Bb7+ Qxb7 23. Rxb7 Kxb7 24. Rb1+ Ka8 25. Ne6 Rxe6 26. Qc7 Rb8 27. Rxb8+ Nxb8 28. Qxf7 Rc6 29. Qxd5 cxd4 30. cxd4 Kb7 31. g4 h6 32. h4 Bxh4 33.
Qf7+ Kb6 34. Qxg7 Bg5 35. d5 Rc1+ 36. Kg2 Na6 37. Qb2+ Kc5 38. Qa3+ Kb5 39. Qb3+ Ka5 40. Qa3+ Kb6 41. Qd6+ Kb7 42. Qd7+ Nc7 43. d6 Kb6 44. dxc7 Rxc7 45. Qd6+ Rc6 46. Qd4+ Kb7 47. Qd7+ Rc7 48.
Qd5+ Kc8 49. Qg8+ Kb7 50. Qd5+ Kb6 51. Qd4+ Rc5 52. Qd6+ Rc6 53. Qb8+ Ka6 54. Qb4 Rb6 55.
Qc4+ Kb7 56. Qf7+ Kb8 57. Qe8+ Kb7 58. Qd7+ Kb8 59. Qe8+ Kb7 60. Qd7+ Kb8 61. Qe8+ 1/2-1/2

[Event "*** Titled Tuesday Blitz"]
[Site "Chess.com"]
[Date "2021.04.20"]
[Round "2"]
[White "RzayevB"]
[Black "Arystanner"]
[Result "0-1"]
[WhiteElo "2527"]
[BlackElo "2811"]
[TimeControl "180+1"]
[EndTime "10:18:11 PDT"]
[Termination "Arystanner won by resignation"]

1. e4 c5 2. Nf3 e6 3. g3 d5 4. exd5 exd5 5. d4 Nf6 6. Bg2 Bd6 7.
O-O O-O 8. dxc5 Bxc5 9. Bg5 Nc6 10. Nc3 Be6 11. Bxf6 Qxf6 12. Nxd5 Qxb2 13. Nc7 Rad8 14. Qb1 Qxb1 15. Rfxb1 Bc8 16. a4 a6 17. Ng5 Rd7 18. Nxa6 Bd4 19. Ra3 h6 20. Nh3 bxa6 21. Bxc6 Rc7 22. Bg2 Rxc2 23. Rd3 Bc5 24. Rf1 a5 25. Rdd1 Re8 26. Rc1 Ree2 27. Rxc2 Rxc2 28. Rd1 Bb6 29. Rb1 Ba7 30. Rd1 g6 31. Be4 Rc4 32. Rd8+ Kg7 33.
Bd3 Rc1+ 34. Kg2 Bb7+ 35. f3 Bc6 36. Nf4 Rg1+ 37. Kh3 Bxf3 38. Rd7 Be3 39. Bc4 h5 40. Rxf7+ Kh6 41. Rf6 Bg4+ 42. Kh4 Bf5 43. Bd3 Bxf4 44. Bxf5 Bg5+ 45. Kh3 Bxf6 46. Be4 Re1 47. Bc6 Ra1 48. Bb5 g5 49. g4 h4 0-1

[Event "*** Titled Tuesday Blitz"]
[Site "Chess.com"]
[Date "2021.04.20"]
[Round "2"]
[White "SmoothAsAHedgehog"]
[Black "kreonx"]
[Result "1-0"]
[WhiteElo "2678"]
[BlackElo "2332"]
[TimeControl "180+1"]
[EndTime "10:18:12 PDT"]
[Termination "SmoothAsAHedgehog won by resignation"]

1. e4 c6 2. d4 d5 3. Nd2 dxe4 4. Nxe4 Nf6 5. Ng3 g6 6. Nf3 Bg7 7. Be2 Bg4 8. O-O Nh5 9. Nxh5 Bxh5 10. c3 O-O 11. Re1 e6 12. Bg5 Bf6 13. Bxf6 Qxf6 14.
Ne5 Bxe2 15. Qxe2 Rd8 16. Rad1 Nd7 17. Ng4 Qg5 18. Rd3 h5 19. Ne3 e5 20. Red1 exd4 21. Rxd4 Nf8 22. h4 Qe7 23. Qf3 Rxd4 24. Rxd4 Rd8 25.
Re4 Qd7 26. g3 Kg7 27. Rd4 Qe7 28. Rxd8 Qxd8 29. Qe2 Ne6 30. Nc4 Qd5 31. Qe5+ Qxe5 32. Nxe5 Kf6 33. Nd3 Kf5 34. f3 g5 35. hxg5 Nxg5 36.
Kf2 b6 37. Ke3 Ne6 38. Nb4 Nd8 39. a4 Ke5 40. Nd3+ Kf5 41. Nf4 Kg5 42. Ke4 Ne6 43. Nxe6+ fxe6 44. Ke5 h4 45. gxh4+ Kxh4 46. Kxe6 Kg3 47.
Kd6 c5 48. Kc6 Kxf3 49. Kb7 b5 50. axb5 Ke3 51. Kxa7 1-0

[Event "*** Titled Tuesday Blitz"]
[Site "Chess.com"]
[Date "2021.04.20"]
[Round "2"]
[White "deribas12345"]
[Black "gumimis"]
[Result "1-0"]
[WhiteElo "2528"]
[BlackElo "2316"]
[TimeControl "180+1"]
[EndTime "10:18:12 PDT"]
[Termination "deribas12345 won on time"]

1. d4 g6 2. c4 Bg7 3. e4 d6 4. Nc3 Nd7 5. Nge2 Ngf6 6. Ng3 O-O 7. Be2 c5 8. d5 h5 9. O-O h4 10. Nh1 h3 11. g4 Ne5 12. f3 e6 13. Nf2 exd5 14. cxd5 Qa5 15. Nxh3 Rb8 16. a4 a6 17.
Bg5 Qb4 18. Qc2 Nc4 19. b3 Na5 20. e5 dxe5 21. Rab1 e4 22. Bxf6 Bxf6 23. Nxe4 Bd4+ 24. Kh1 b5 25. axb5 axb5 26. Nhg5 Bb7 27. d6 Rbd8 28.
Bd3 Bxe4 29. Nxe4 Nb7 30. Ng5 Nxd6 31. Bxg6 Bf6 32. Nh7 fxg6 33. Qxg6+ Bg7 34. Ng5 Rf6 35. Qh7+ Kf8 36. Rbe1 Qxb3 37. Qh5 Qg8 38. Nh7+ Qxh7 39. Qxh7 c4 40. Re7 Kxe7 41. Qxg7+ Rf7 42. Re1+ Kd7 43. Qd4 b4 44. Qc5 b3 45. Rd1 Ke7 46. Qe5+ Kf8 47. Rxd6 Rxd6 48. Qxd6+ Kg8 49. Qd8+ Kg7 50. Qd4+ Kg8 51. Qxc4 b2 52. Qb3 Kf8 53. Qxb2 Rb7 54.
Qxb7 1-0

[Event "*** Titled Tuesday Blitz"]
[Site "Chess.com"]
[Date "2021.04.20"]
[Round "2"]
[White "AttractiveMustard"]
[Black "catzapto"]
[Result "1-0"]
[WhiteElo "2395"]
[BlackElo "2099"]
[TimeControl "180+1"]
[EndTime "10:18:12 PDT"]
[Termination "AttractiveMustard won by resignation"]

1. e4 c5 2. Nf3 e6 3. d4 cxd4 4.
Nxd4 Nf6 5. Nc3 Bb4 6. e5 Nd5 7. Bd2 Qa5 8. Nxd5 Bxd2+ 9. Qxd2 Qxd5 10. Qe3 O-O 11. Rd1 Nc6 12. Nxc6 Qxc6 13. Bd3 f5 14.
O-O b6 15. Be2 Bb7 16. Bf3 Qc7 17. Bxb7 Qxb7 18. Rd6 Rf7 19. f4 Rc8 20. c3 Rc6 21. Rfd1 Rxd6 22. Rxd6 Qe4 23. Qxe4 fxe4 24. g3 g5 25. fxg5 Kg7 26. Rd4 Kg6 27. Rxe4 Rf8 28. Rd4 Rd8 29. Kf2 Kf5 30. Rh4 Rh8 31. Ke3 Kxe5 32. g6 Kf6 33. gxh7 Kg7 34. Kf4 Rxh7 35. Rxh7+ Kxh7 36. Ke5 Kg7 37. Kd6 Kf7 38. h4 Kf6 39.
g4 e5 40. Kd5 d6 41. c4 a5 42. b3 Kg6 43. a3 Kf6 44. b4 axb4 45. axb4 Kg6 46.
c5 bxc5 47. bxc5 dxc5 48. Kxc5 Kf6 49. Kd5 1-0

[Event "*** Titled Tuesday Blitz"]
[Site "Chess.com"]
[Date "2021.04.20"]
[Round "2"]
[White "WiktoriaPOL"]
[Black "mapleaff"]
[Result "0-1"]
[WhiteElo "2045"]
[BlackElo "2385"]
[TimeControl "180+1"]
[EndTime "10:18:13 PDT"]
[Termination "mapleaff won on time"]

1. e4 e6 2. d4 d5 3. e5 c5 4.
c3 Nc6 5. Nf3 Qb6 6. Bd3 cxd4 7.
cxd4 Bd7 8. O-O Nxd4 9. Nxd4 Qxd4 10. Re1 Ne7 11. Nc3 Nc6 12. Be3 Qb4 13. a3 Qxb2 14. Nb5 Qxe5 15. Bb6 Qb8 16. Nc7+ Ke7 17. Nxd5+ Ke8 18. Nc7+ Ke7 19. Nxa8 axb6 20. Nxb6 Qd6 21. Nc4 Qd4 22. Bf1 Ke8 23. Qxd4 Nxd4 24. Rad1 Bc5 25. Ne5 Ba4 26. Rd3 f6 27. Nf3 Nxf3+ 28. Rxf3 Kf7 29. Bc4 Re8 30. Rh3 h6 31. Rd3 f5 32. h3 Kf6 33. Kf1 e5 34. f4 e4 35.
Rd5 b6 36. Ke2 Bc6 37. Rd2 Bxa3 38. Ra2 Bc5 39. Rb2 Rd8 40. Rd1 Rxd1 41. Kxd1 g5 42. Ke2 gxf4 43. Bb5 Bd5 44. Bd7 Ke5 45. Bb5 f3+ 46.
gxf3 exf3+ 47. Kf1 Kf4 48. Rb3 Bxb3 0-1

[Event "*** Titled Tuesday Blitz"]
[Site "Chess.com"]
[Date "2021.04.20"]
[Round "2"]
[White "AlexSuv"]
[Black "Msb2"]
[Result "0-1"]
[WhiteElo "2581"]
[BlackElo "2904"]
[TimeControl "180+1"]
[EndTime "10:18:14 PDT"]
[Termination "Msb2 won by checkmate"]

1. d4 d5 2. c4 e6 3. Nc3 Nf6 4.
cxd5 exd5 5. Bg5 c6 6. e3 h6 7.
Bh4 Be7 8. Bd3 O-O 9. Nf3 Ne4 10. Bxe7 Qxe7 11. Qc2 Re8 12. O-O Nd7 13. Rae1 Ndf6 14. Ne5 Nxc3 15. bxc3 c5 16. f3 Be6 17. Qb2 Rac8 18. e4 cxd4 19. cxd4 Red8 20. Rc1 a6 21. Qb6 g6 22. Rxc8 Rxc8 23. Rb1 Rc7 24. a4 Kg7 25. a5 h5 26. Qb4 Qd8 27. Rd1 h4 28. Bb1 Nh5 29.
Qd2 Qf6 30. Ba2 Nf4 31. exd5 Bxd5 32. Bxd5 Nxd5 33. Ng4 Qf4 34. Qxf4 Nxf4 35. g3 hxg3 36. hxg3 Nd5 37. Rb1 Nc3 38. Rb2 Nb5 39. d5 Rd7 40. Ne3 Kf6 41. Rd2 Nd6 42. Rc2 Ke5 43. Kf2 g5 44. Rd2 f5 45. Rd1 Rc7 46. Re1 f4 47. Nc4+ Kxd5 48. Nb6+ Kd4 49. Rd1+ Ke5 50. Rd5+ Ke6 51. gxf4 gxf4 52. Rh5 Rc2+ 53. Ke1 Nf5 54. Rh7 Nd4 55. Rxb7 Nxf3+ 56. Kd1 Rd2+ 57. Kc1 Ra2 58. Nc4 Nd4 59. Rb6+ Kd5 60. Rxa6 Kxc4 61. Rf6 Kd3 62.
Rxf4 Ne2+ 63. Kb1 Nc3+ 64. Kc1 Rc2# 0-1